Map: [ESL] Moondance

Players

HeroMarine - Winner!

  • Race: Terran Terran
  • Spawn Location: 12:00

Zoun

  • Race: Protoss Protoss
  • League: Diamond
  • Spawn Location: 6:00

Event: TSL 9

VOD

Have the link to the VOD?

Description

Time

  • Played on: Sept. 2, 2022, 10:57 a.m.
  • Length: 7:23

All games in this series

Show
View Real Time Build Order
Export as new Build Order

HeroMarine Terran - Winner!

Build Orders: Cyclone Opening 

Get SALT Encoding   

  12  0:00  SCV  
  13  0:12  SCV  
  14  0:17  Supply Depot  
  14  0:24  SCV  
  15  0:38  SCV  
  15  0:40  Barracks  
  16  0:43  Refinery  
  16  0:50  SCV  
  16  0:52  Refinery  
  17  1:03  SCV  
  18  1:15  SCV  
  19  1:27  Supply Depot, Reaper, Orbital Command  
  20  1:42  Factory  
  20  1:52  SCV  
  21  1:59  Barracks Reactor  
  21  2:04  SCV  
  22  2:15  Command Center  
  22  2:16  SCV  
  23  2:25  Factory Tech Lab  
  23  2:28  SCV  
  24  2:36  Marine x2  
  26  2:40  Supply Depot  
  26  2:41  SCV  
  27  2:45  Cyclone  
  30  2:53  SCV  
  31  3:02  Marine x2  
  31  3:05  SCV, Barracks  
  34  3:17  SCV  
  38  3:20  Siege Tank, Marine  
  38  3:27  Orbital Command, Marine  
  40  3:35  Barracks  
  40  3:38  SCV  
  41  3:44  Orbital Command  
  41  3:45  Engineering Bay  
  41  3:50  SCV  
  41  3:53  Marine x2  
  44  4:02  SCV, Stimpack  
  45  4:06  Marine  
  46  4:10  SCV  
  46  4:14  Supply Depot, SCV  
  48  4:17  Terran Infantry Weapons Level 1  
  48  4:22  SCV  
  48  4:25  Marine  
  48  4:26  SCV, Marine  
  48  4:30  Barracks Tech Lab  
  51  4:34  SCV  
  51  4:35  Bunker  
  51  4:37  Supply Depot  
  52  4:38  SCV  
  52  4:43  Marine  
  55  4:46  SCV  
  55  4:49  Marauder x2  
  55  4:50  SCV  
  60  4:58  SCV, Combat Shield  
  61  5:03  SCV  
  60  5:08  Supply Depot  
  60  5:10  SCV  
  60  5:12  Marauder  
  60  5:13  Marauder  
  64  5:15  SCV  
  64  5:19  Factory Reactor  
  64  5:20  Starport  
  65  5:21  Marine  
  65  5:22  SCV, Marine  
  65  5:27  SCV  
  68  5:34  Marauder x2  
  68  5:35  SCV  
  73  5:36  Refinery  
  73  5:39  SCV, Marine  
  73  5:40  Marine  
  76  5:47  SCV  
  72  5:51  SCV  
  72  5:55  Marauder x2  
  76  5:59  SCV  
  76  6:01  Refinery  
  76  6:02  Marine  
  78  6:07  Supply Depot  
  78  6:08  Marine  
  78  6:09  SCV  
  78  6:11  SCV  
  81  6:13  Medivac x2  
  84  6:21  SCV  
  84  6:23  SCV  
  83  6:26  Marauder  
  83  6:29  Marauder, Marine x2  
  83  6:33  SCV  
  83  6:35  SCV  
  79  6:46  Marine  
  79  6:47  Marauder, Marine  
  76  6:50  Marauder  
  81  7:00  Command Center  
  77  7:07  SCV x2  
  79  7:10  Factory Reactor  
Show
View Real Time Build Order
Export as new Build Order

Zoun Protoss 

Build Orders: 1 Gate Expand, Blink Stalkers 

Get SALT Encoding   

  12  0:00  Probe  
  13  0:12  Probe  
  14  0:17  Pylon  
  14  0:24  Probe (Chrono Boost)  
  15  0:36  Probe (Chrono Boost), Gateway  
  16  0:44  Probe (Chrono Boost)  
  16  0:45  Assimilator  
  17  0:51  Probe  
  18  1:03  Probe  
  19  1:24  Zealot, Cybernetics Core  
  21  1:35  Nexus  
  21  1:42  Pylon  
  21  1:46  Probe  
  22  1:52  Assimilator  
  22  1:57  Adept (Chrono Boost)  
  22  1:59  Probe  
  25  2:03  Warp Gate  
  25  2:11  Probe  
  26  2:21  Twilight Council  
  26  2:23  Probe  
  26  2:28  Stalker  
  29  2:35  Probe  
  30  2:47  Probe x2 (Chrono Boost)  
  32  2:57  Blink (Chrono Boost)  
  32  2:58  Probe x2 (Chrono Boost), Stalker  
  36  3:06  Probe x2  
  38  3:14  Gateway  
  38  3:18  Probe  
  39  3:25  Robotics Facility  
  40  3:27  Probe  
  40  3:31  Pylon  
  40  3:32  Probe  
  41  3:39  Gateway  
  41  3:44  Pylon  
  41  3:45  Probe  
  41  3:47  Probe  
  43  3:51  Stalker  
  43  3:55  Shield Battery  
  45  3:57  Probe  
  45  3:59  Probe  
  47  4:06  Assimilator  
  47  4:09  Probe, Stalker  
  50  4:13  Observer  
  50  4:16  Probe  
  52  4:19  Stalker  
  52  4:21  Probe  
  55  4:28  Probe  
  55  4:29  Assimilator  
  56  4:33  Probe  
  56  4:35  Warp Prism (Chrono Boost)  
  57  4:38  Pylon  
  57  4:40  Probe  
  58  4:45  Probe  
  58  4:48  Templar Archives  
  59  4:54  Probe, Pylon  
  59  4:57  Observer  
  61  5:05  Stalker x2, Psionic Storm  
  61  5:06  Observer  
  66  5:07  Stalker  
  64  5:23  Nexus  
  64  5:34  High Templar  
  64  5:35  Probe x2  
  67  5:37  Pylon  
  67  5:47  Charge (Chrono Boost)  
  67  5:54  High Templar  
  67  5:56  Gateway x2  
  69  6:02  Gateway  
  69  6:04  Gateway  
  69  6:05  Observer  
  69  6:06  Probe x2  
  69  6:10  Pylon  
  72  6:12  Stalker x2  
  67  6:31  Stalker  
  59  6:36  Stalker  
  59  6:39  Stalker  
  55  6:40  Probe  
  46  6:51  Stalker x2  
  46  6:53  Probe  
  46  6:59  Stalker x2  
  46  7:05  Zealot  
  39  7:12  Zealot x2  
  38  7:18  Zealot  
Tags
 
Add a new tag
Caveats
  • Supply blocks, unpowered buildings, or Contaminate may cause inaccurate times.
  • Supply counts are checked every 10 seconds.